 Dungeon Crawl Stone Soup version 0.30-a0-1016-gfb0d676c02 (webtiles) character file.

Game seed: 4125186920237629037

51 LobsterGuardian the Sneak (level 3, -7/21 HPs)
             Began as an Octopode Earth Elementalist on Apr 7, 2023.
             Killed by divine providence
             ... invoked by an orc priest
              (11 damage)
             ... on level 3 of the Dungeon.
             The game lasted 00:04:20 (2077 turns).

LobsterGuardian the Sneak (OpEE)                    Turns: 2077, Time: 00:04:21

Health: -7/21      AC:  1    Str:  7    XL:     3   Next: 83%
Magic:  5/6        EV: 13    Int: 17    God:
Gold:   114        SH:  0    Dex: 14    Spells: 2/6 levels left

rFire   . . .      SeeInvis .    d - +0 dagger
rCold   . . .      Faith    .    g - orb {light}
rNeg    . . .      Spirit   .    (helmet restricted)
rPois   .          Reflect  .    (no amulet)
rElec   .          Rampage  .    e - ring of resist corrosion
rCorr   +                        (no ring)
Will    .....                    (no ring)
Stlth   ++                       (no ring)
HPRegen 0.23/turn                (no ring)
MPRegen 0.10/turn                (no ring)
                                 (no ring)
                                 (no ring)

@: glowing
A: almost no armour, amphibious, 8 rings, camouflage 1, gelatinous body 1,
(nimble swimmer 1), tentacles
a: no special abilities


You were on level 3 of the Dungeon.
You visited 1 branch of the dungeon, and saw 3 of its levels.

You collected 114 gold pieces.

Inventory:

Hand Weapons
 d - a +0 dagger (weapon)
Missiles
 c - a throwing net
Armour
 g - an orb of light (worn)
Jewellery
 e - a ring of resist corrosion (left tentacle)
Wands
 k - a wand of charming (4)
 l - a wand of iceblast (8)
Scrolls
 j - a scroll of immolation
Potions
 f - a potion of attraction


   Skills:
 + Level 0.2 Fighting
 + Level 0.4 Short Blades
 + Level 2.1 Dodging
 * Level 3.7 Stealth
 + Level 2.4 Spellcasting
 + Level 0.1 Conjurations
 + Level 1.0 Transmutations
 + Level 3.6 Earth Magic


You had 2 spell levels left.
You knew the following spells:

 Your Spells              Type           Power      Damage    Failure   Level
a - Sandblast             Erth           28%        2d8       4%          1
b - Stone Arrow           Conj/Erth      16%        3d8       26%         3

Your spell library contained the following spells:

 Spells                   Type           Power      Damage    Failure   Level
 Passwall                 Tmut/Erth      7%         N/A       11%         2
 Ensorcelled Hibernation  Hex/Ice        4%         N/A       28%         2
 Spider Form              Tmut/Pois      3%         N/A       41%         3
 Gell's Gravitas          Tloc           2%         N/A       50%         3
 Teleport Other           Tloc           2%         N/A       50%         3
 Petrify                  Tmut/Erth      9%         N/A       56%         4
 Anguish                  Hex/Necr       1%         N/A       88%         4
 Dispersal                Tloc           1%         N/A       100%        6
 Lehudib's Crystal Spear  Conj/Erth      4%         10d3      100%        8
 Animate Armour           Summ/Erth      Unusable   N/A       N/A         4

Dungeon Overview and Level Annotations

Branches:
Dungeon (3/15)

Altars:


Innate Abilities, Weirdness & Mutations

You cannot wear most types of armour.
You are amphibious.
You can wear up to eight rings at the same time.
Your skin changes colour to match your surroundings (Stealth+).
Your rubbery body absorbs attacks. (AC +1, EV +1)
((You are camouflaged when in or above water. (Stealth+)))
You have tentacles for arms and can constrict up to eight enemies at once.


Message History

Casting: Sandblast (safe; 4% risk of failure)
Confirm with . or Enter, or press ? or * to list all spells.
You don't have enough magic to cast this spell.
Unknown command.
Magic courses through your body. The endoplasm freezes you.
You are frozen.
* * * LOW HITPOINT WARNING * * *
You hit the endoplasm but do no damage. You squeeze the endoplasm.
You kill the endoplasm!
Casting: Sandblast (safe; 4% risk of failure)
Confirm with . or Enter, or press ? or * to list all spells.
Aiming: Sandblast (safe; 4% risk of failure)
Press: ? - help, Shift-Dir - straight line, f - orc priest
Aim: an orc priest, wielding a +0 trident and wearing a +0 leather armour (lightly wounded, haloed, 86% to hit)
The blast of sand hits the orc but does no damage.
Unknown command.
Casting: Sandblast (safe; 4% risk of failure)
Confirm with . or Enter, or press ? or * to list all spells.
Aiming: Sandblast (safe; 4% risk of failure)
Press: ? - help, Shift-Dir - straight line, f/p - orc priest
Aim: an orc priest, wielding a +0 trident and wearing a +0 leather armour (lightly wounded, haloed, 86% to hit)
Okay, then.
Okay, then.
Casting: Sandblast (safe; 4% risk of failure)
Confirm with . or Enter, or press ? or * to list all spells.
Aiming: Sandblast (safe; 4% risk of failure)
Press: ? - help, Shift-Dir - straight line, f/p - orc priest
Aim: an orc priest, wielding a +0 trident and wearing a +0 leather armour (lightly wounded, haloed, 86% to hit)
The blast of sand hits the orc.
The orc is heavily wounded.
Unknown command.
Blink to where?
Press: ? - help, Dir - move target, p - orc priest
As you read the scroll labelled JOOLUI NAPY, it crumbles to dust.
It was a scroll of blinking.
The orc priest mumbles some strange prayers to Beogh against you.
Beogh smites you!
Ouch! That really hurt!
You die...

######### #☼°§...§#
#§§○☼##☼# ###
#§○oo§§☼# ##.##
#§§@°#§§####...##
#°§°☼.☼§§°§......####
#☼§§..°§☼####........
#§##°##☼## ##.######
#..☼°##§# #.#
#.#####°# #.# #☼#
##'## .. ##...##
##.....##


You could see an orc priest and an orc.

Vanquished Creatures
  An orc (D:3)
  4 ball pythons (D:1)
  4 bats
  7 endoplasms
  2 giant cockroaches
  6 goblins
  2 hobgoblins (D:2)
  3 jackals (D:1)
  A quokka (D:2)
  2 frilled lizards
  3 kobolds (D:1)
  10 rats
45 creatures vanquished.

Notes
Turn   | Place    | Note
-------+----------+-------------------------------------------
     0 | D:1      | LobsterGuardian the Octopode Earth Elementalist began the
                  | quest for the Orb.
     0 | D:1      | Reached XP level 1. HP: 11/11 MP: 3/3
   226 | D:1      | Reached XP level 2. HP: 17/17 MP: 5/5
   757 | D:1      | Reached XP level 3. HP: 21/21 MP: 4/6
   761 | D:1      | Learned a level 3 spell: Stone Arrow
  1497 | D:2      | Found a faded altar of an unknown god.
  2077 | D:3      | Killed from afar by an orc priest

Illustrated notes

Levels and vault maps discovered:
D:1:      dpeg_arrival_long_road, layout_loops_corners
D:2:      layout_basic, hellmonk_ecumenical_altar_lost_god, minmay_octomino_j4
D:3:      layout_loops_corners

Skill      XL: |  1  2 |
---------------+-------+-----
Stealth        | 3 |  3.7
Fighting       | |  0.2
Short Blades   | |  0.4
Dodging        | |  2.1
Spellcasting   | |  2.4
Conjurations   | |  0.1
Transmutations | |  1.0
Earth Magic    | |  3.6

Action                     || total
---------------------------++-------
  Melee: Unarmed           ||     5
         Dagger            ||    26
         Constrict         ||     8
         Tentacles         ||     8
   Cast: Sandblast         ||    32
         Stone Arrow       ||     3
    Use: Scroll            ||     7
         Potion            ||     1
   Stab: Sleeping          ||     9
         Distracted        ||     1
  Dodge: Dodged            ||    22

Table legend: (Time is in decaauts)
 A = Elapsed time spent in this place.
 B = Non-inter-level travel time spent in this place.
 C = Inter-level travel time spent in this place.
 D = Time resting spent in this place.
 E = Time spent auto-exploring this place.
 F = Levels seen in this place.
 G = Mean time per level.
                   A        B        C        D        E       F      G
               +--------+--------+--------+--------+--------+-----+--------+
         Total |   2091 |   2039 |     52 |      0 |   1750 |   3 |  697.0 |
       Dungeon |   2091 |   2039 |     52 |      0 |   1750 |   3 |  697.0 |
               +--------+--------+--------+--------+--------+-----+--------+

Top non-repeatable levels by time:
     D:2: 1069 daAuts
     D:1: 991 daAuts
     D:3: 31 daAuts
